A- SE
PALM BEACH CARDINALS @ ST. LUCIE METS
05/31/2042
 
TOP OF THE 1ST
Palm Beach Cardinals batting - Pitching for St. Lucie Mets : LHP Alex Calhoun
Pitching: LHP Alex Calhoun
Batting: RHB Dan Henry 0-0: DOUBLE (Flyball, 89D, EV 95.0 MPH)
Batting: SHB Gilberto Cruz 0-0: Ground out 5-3 (Groundball, 56S, EV 70.6 MPH)
Batting: RHB Alfredo Ramírez 0-0: Ball
Dan Henry steals 3rd base
1-0: DOUBLE (Line Drive, 5D, EV 104.4 MPH)
Dan Henry scores
Batting: RHB Willie Stevenson 0-0: Called Strike
0-1: Foul Ball, location: 3SF
0-2: Ball
1-2: Ball
2-2: Foul Ball, location: 3SF
2-2: Strikes out swinging
Batting: SHB Chris Jones 0-0: Ball
1-0: Ball
2-0: Called Strike
2-1: Fly out, F7 (Flyball, 7, EV 93.8 MPH)
Top of the 1st over - 1 run, 2 hits, 0 errors, 1 left on base; Palm Beach 1 - St. Lucie 0
BOTTOM OF THE 1ST
St. Lucie Mets batting - Pitching for Palm Beach Cardinals : LHP Ron Lawson
Pitching: LHP Ron Lawson
Batting: RHB Juan Carlos Valdillez 0-0: Ball
1-0: Fly out, F2 (Popup, 2LF, EV 81.3 MPH)
Batting: SHB Kevin French 0-0: Ball
1-0: SINGLE (Line Drive, 89S, EV 100.0 MPH)
Batting: RHB Bob Rhodes 0-0: DOUBLE (Flyball, 8RXD, EV 94.4 MPH)
Kevin French to third
Runner from 3rd tries for Home, SAFE, throw by CF to home
Batting: LHB Jim Unknown 0-0: Called Strike
0-1: Ball
1-1: SINGLE (Groundball, 3S, EV 68.8 MPH) (infield hit)
Bob Rhodes to third
Batting: LHB Jim Unknown 0-0: Grounds into double play, 4-6-3 (Groundball, 4, EV 85.0 MPH)
Bottom of the 1st over - 1 run, 3 hits, 0 errors, 1 left on base; Palm Beach 1 - St. Lucie 1
TOP OF THE 2ND
Palm Beach Cardinals batting - Pitching for St. Lucie Mets : LHP Alex Calhoun
Batting: RHB Ken Dunn 0-0: Called Strike
0-1: Ball
1-1: Foul Ball, location: 2F
1-2: Foul Ball, location: 2F
1-2: Strikes out swinging
Batting: LHB Kris Reynolds 0-0: Called Strike
0-1: Ball
1-1: DOUBLE (Groundball, 5L, EV 107.5 MPH)
Batting: SHB Jim Brearton 0-0: Foul Ball, location: 3SF
0-1: Foul Ball, location: 2F
0-2: Ball
1-2: DOUBLE (Flyball, 7LD, EV 104.4 MPH)
Kris Reynolds scores
Batting: RHB Jim Thompson 0-0: Called Strike
0-1: Ball
1-1: Ground out 6-3 (Groundball, 6S, EV 85.0 MPH)
Jim Brearton to third
Batting: RHB Dan Henry 0-0: Ball
1-0: Ball
2-0: Called Strike
2-1: Ground out 6-3 (Groundball, 6, EV 88.1 MPH)
Top of the 2nd over - 1 run, 2 hits, 0 errors, 1 left on base; Palm Beach 2 - St. Lucie 1
BOTTOM OF THE 2ND
St. Lucie Mets batting - Pitching for Palm Beach Cardinals : LHP Ron Lawson
Batting: SHB Jim Unknown 0-0: Called Strike
0-1: Called Strike
0-2: Foul Ball, location: 7LSF
0-2: Ball
1-2: Ball
2-2: Strikes out swinging
Batting: RHB Jim Unknown 0-0: Called Strike
0-1: Swinging Strike
0-2: Fly out, F5 (Popup, 5, EV 74.4 MPH)
Batting: RHB Jim Unknown 0-0: Ball
1-0: Foul Ball, location: 9LDF
1-1: Called Strike
1-2: Ball
2-2: Ball
3-2: Ground out 6-3 (Groundball, 6, EV 91.9 MPH)
Bottom of the 2nd over - 0 runs, 0 hits, 0 errors, 0 left on base; Palm Beach 2 - St. Lucie 1
TOP OF THE 3RD
Palm Beach Cardinals batting - Pitching for St. Lucie Mets : LHP Alex Calhoun
Batting: SHB Gilberto Cruz 0-0: Called Strike
0-1: Called Strike
0-2: Ball
1-2: Ball
2-2: Ground out 6-3 (Groundball, 6, EV 86.9 MPH)
Batting: RHB Alfredo Ramírez 0-0: Swinging Strike
0-1: Called Strike
0-2: Ball
1-2: Ball
2-2: Fly out, F8 (Flyball, 8LD, EV 89.4 MPH)
Batting: RHB Willie Stevenson 0-0: Called Strike
0-1: Ball
1-1: Called Strike
1-2: Ball
2-2: Strikes out looking
Top of the 3rd over - 0 runs, 0 hits, 0 errors, 0 left on base; Palm Beach 2 - St. Lucie 1
BOTTOM OF THE 3RD
St. Lucie Mets batting - Pitching for Palm Beach Cardinals : LHP Ron Lawson
Batting: LHB Jim Unknown 0-0: Ball
1-0: Foul Ball, location: 3FF
1-1: Swinging Strike
1-2: Fly out, F9 (Line Drive, 9, EV 88.8 MPH)
Batting: RHB Juan Carlos Valdillez 0-0: Ball
1-0: Ball
2-0: Called Strike
2-1: Foul Ball, location: 2F
2-2: SINGLE (Groundball, 34D, EV 99.4 MPH)
Batting: SHB Kevin French 0-0: Called Strike
0-1: Ball
1-1: Ball
2-1: Ball
3-1: Ground out U3 (Groundball, 34S, EV 69.4 MPH)
Juan Carlos Valdillez to second
Batting: RHB Bob Rhodes 0-0: Ball
1-0: Ball
2-0: 2-RUN HOME RUN (Flyball, 7D, EV 96.3 MPH), Distance : 384 ft
Batting: LHB Jim Unknown 0-0: Ball
1-0: SOLO HOME RUN (Flyball, 9LD, EV 94.4 MPH), Distance : 352 ft
Batting: LHB Jim Unknown 0-0: Fly out, F9 (Line Drive, 9, EV 94.4 MPH)
Bottom of the 3rd over - 3 runs, 3 hits, 0 errors, 0 left on base; Palm Beach 2 - St. Lucie 4
TOP OF THE 4TH
Palm Beach Cardinals batting - Pitching for St. Lucie Mets : LHP Alex Calhoun
Batting: SHB Chris Jones 0-0: Fly out, F9 (Flyball, 89M, EV 95.0 MPH)
Batting: RHB Ken Dunn 0-0: Ground out 6-3 (Groundball, 6, EV 85.6 MPH)
Batting: LHB Kris Reynolds 0-0: Called Strike
0-1: Ball
1-1: Foul Ball, location: 5SF
1-2: Ground out 6-3 (Groundball, 56, EV 86.9 MPH)
Top of the 4th over - 0 runs, 0 hits, 0 errors, 0 left on base; Palm Beach 2 - St. Lucie 4
BOTTOM OF THE 4TH
St. Lucie Mets batting - Pitching for Palm Beach Cardinals : LHP Ron Lawson
Batting: SHB Jim Unknown 0-0: Called Strike
0-1: Ball
1-1: Ball
2-1: Ball
3-1: DOUBLE (Line Drive, 89D, EV 91.9 MPH)
Batting: RHB Jim Unknown 0-0: Ball
1-0: Ball
2-0: Ball
3-0: Base on Balls
Batting: RHB Jim Unknown 0-0: Bunted foul
0-1: Ball
1-1: Swinging Strike
1-2: Strikes out looking
Batting: LHB Jim Unknown 0-0: Foul Ball, location: 2F
0-1: Ball
1-1: Called Strike
1-2: Foul Ball, location: 5F
1-2: Foul Ball, location: 23FF
1-2: Ball
2-2: Foul Ball, location: 7LMF
2-2: Ball
3-2: Grounds into double play, 6-4-3 (Groundball, 6, EV 100.6 MPH)
Bottom of the 4th over - 0 runs, 1 hit, 0 errors, 1 left on base; Palm Beach 2 - St. Lucie 4
TOP OF THE 5TH
Palm Beach Cardinals batting - Pitching for St. Lucie Mets : LHP Alex Calhoun
Batting: SHB Jim Brearton 0-0: Ball
1-0: Foul Ball, location: 2RF
1-1: Ball
2-1: Called Strike
2-2: Fly out, F3 (Popup, 3S, EV 80.0 MPH)
Batting: RHB Jim Thompson 0-0: Fly out, F9 (Flyball, 89S, EV 76.3 MPH)
Batting: RHB Dan Henry 0-0: SINGLE (Line Drive, 7S, EV 91.9 MPH)
Batting: SHB Gilberto Cruz 0-0: Ball
1-0: Ball
2-0: SINGLE (Line Drive, 56, EV 110.6 MPH)
Dan Henry to second
Batting: RHB Alfredo Ramírez 0-0: Ball
1-0: Ball
2-0: Called Strike
2-1: Called Strike
2-2: SINGLE (Groundball, 4MD, EV 101.3 MPH)
Dan Henry to third
Gilberto Cruz to second
Runner from 3rd tries for Home, throw by CF and OUT! 8-2
Top of the 5th over - 0 runs, 3 hits, 0 errors, 2 left on base; Palm Beach 2 - St. Lucie 4
BOTTOM OF THE 5TH
St. Lucie Mets batting - Pitching for Palm Beach Cardinals : LHP Ron Lawson
Batting: RHB Juan Carlos Valdillez 0-0: Foul Ball, location: 5F
0-1: SINGLE (Line Drive, 89S, EV 100.0 MPH)
Batting: SHB Kevin French 0-0: Fly out, F7 (Line Drive, 7, EV 93.8 MPH)
Batting: RHB Bob Rhodes 0-0: Called Strike
0-1: Ball
1-1: Called Strike
1-2: Ball
2-2: Strikes out swinging
Juan Carlos Valdillez steals 2nd base
Batter strikes out.
Batting: LHB Jim Unknown 0-0: Called Strike
0-1: SINGLE (Line Drive, 78S, EV 96.3 MPH)
Juan Carlos Valdillez to third
Runner from 3rd tries for Home, throw by LF and OUT! 7-2
Bottom of the 5th over - 0 runs, 2 hits, 0 errors, 1 left on base; Palm Beach 2 - St. Lucie 4
TOP OF THE 6TH
Palm Beach Cardinals batting - Pitching for St. Lucie Mets : LHP Alex Calhoun
Batting: RHB Willie Stevenson 0-0: Ball
1-0: Ball
2-0: Swinging Strike
2-1: Ball
3-1: SINGLE (Line Drive, 8RS, EV 91.9 MPH)
Batting: SHB Chris Jones 0-0: Ball
1-0: Called Strike
1-1: Ground out 5-3 (Groundball, 56S, EV 73.8 MPH)
Willie Stevenson to second
Batting: RHB Ken Dunn 0-0: Ball
1-0: Ball
2-0: Ball
3-0: Called Strike
3-1: Foul Ball, location: 23F
3-2: Base on Balls
Batting: LHB Kris Reynolds 0-0: Ball
1-0: Called Strike
1-1: Ball
2-1: Foul Ball, location: 23F
2-2: Foul Ball, location: 9LMF
2-2: Strikes out swinging
Batting: SHB Jim Brearton 0-0: Ball
1-0: Called Strike
1-1: Foul Ball, location: 23FF
1-2: Fly out, F7 (Line Drive, 78M, EV 103.8 MPH)
Top of the 6th over - 0 runs, 1 hit, 0 errors, 2 left on base; Palm Beach 2 - St. Lucie 4
BOTTOM OF THE 6TH
St. Lucie Mets batting - Pitching for Palm Beach Cardinals : LHP Ron Lawson
Batting: LHB Jim Unknown 0-0: Ground out 4-3 (Groundball, 4, EV 86.3 MPH)
Batting: SHB Jim Unknown 0-0: Ball
1-0: Fly out, F8 (Flyball, 8RXD, EV 103.8 MPH)
Batting: RHB Jim Unknown 0-0: Swinging Strike
0-1: Ball
1-1: Ball
2-1: Foul Ball, location: 2F
2-2: Fly out, F8 (Flyball, 78D, EV 91.3 MPH)
Bottom of the 6th over - 0 runs, 0 hits, 0 errors, 0 left on base; Palm Beach 2 - St. Lucie 4
TOP OF THE 7TH
Palm Beach Cardinals batting - Pitching for St. Lucie Mets : LHP Alex Calhoun
Batting: RHB Jim Thompson 0-0: Ball
1-0: Called Strike
1-1: Foul Ball, location: 2F
1-2: Foul Ball, location: 2F
1-2: Foul Ball, location: 3FF
1-2: Foul Ball, location: 2F
1-2: Strikes out looking
Batting: RHB Dan Henry 0-0: Ball
1-0: Foul Ball, location: 3F
1-1: Ball
2-1: Ball
3-1: Foul Ball, location: 3SF
3-2: SINGLE (Flyball, 8RS, EV 98.1 MPH)
Pitching: RHP Jim Unknown
Batting: SHB Gilberto Cruz 0-0: Fielders Choice at 2nd, 4-6 (Groundball, 4, EV 78.1 MPH)
Batting: RHB Alfredo Ramírez 0-0: Called Strike
0-1: Ball
1-1: Ground out 4-3 (Groundball, 34, EV 109.4 MPH)
Top of the 7th over - 0 runs, 1 hit, 0 errors, 1 left on base; Palm Beach 2 - St. Lucie 4
BOTTOM OF THE 7TH
St. Lucie Mets batting - Pitching for Palm Beach Cardinals : LHP Ron Lawson
Batting: RHB Jim Unknown 0-0: Ball
1-0: Ball
2-0: Fly out, F3 (Popup, 3SF, EV 79.4 MPH)
Pitching: LHP Cisco Castillo
Batting: LHB Jim Unknown 0-0: Ball
1-0: Ball
2-0: Called Strike
2-1: Foul Ball, location: 3F
2-2: Foul Ball, location: 3F
2-2: Ball
3-2: Strikes out swinging
Batting: RHB Juan Carlos Valdillez 0-0: Ground out 6-3 (Groundball, 6, EV 84.4 MPH)
Bottom of the 7th over - 0 runs, 0 hits, 0 errors, 0 left on base; Palm Beach 2 - St. Lucie 4
TOP OF THE 8TH
Palm Beach Cardinals batting - Pitching for St. Lucie Mets : RHP Jim Unknown
Batting: RHB Willie Stevenson 0-0: Called Strike
0-1: Called Strike
0-2: Ground out 4-3 (Groundball, 4, EV 95.6 MPH)
Batting: SHB Chris Jones 0-0: Called Strike
0-1: Ball
1-1: Foul Ball, location: 7LSF
1-2: Ball
2-2: Strikes out looking
Batting: RHB Ken Dunn 0-0: Swinging Strike
0-1: Called Strike
0-2: Foul Ball, location: 5F
0-2: Foul Ball, location: 23F
0-2: Ball
1-2: DOUBLE (Line Drive, 5D, EV 103.8 MPH)
Batting: LHB Kris Reynolds 0-0: Ball
1-0: Ball
2-0: Ball
3-0: Called Strike
3-1: Foul Ball, location: 9LDF
3-2: Foul Ball, location: 3DF
3-2: Strikes out swinging
Top of the 8th over - 0 runs, 1 hit, 0 errors, 1 left on base; Palm Beach 2 - St. Lucie 4
BOTTOM OF THE 8TH
St. Lucie Mets batting - Pitching for Palm Beach Cardinals : LHP Cisco Castillo
Batting: SHB Kevin French 0-0: Foul Ball, location: 5DF
0-1: Ground out 5-3 (Groundball, 56S, EV 77.5 MPH)
Batting: RHB Bob Rhodes 0-0: Ground out 6-3 (Groundball, 56, EV 103.8 MPH)
Batting: LHB Jim Unknown 0-0: SINGLE (Groundball, 6S, EV 73.8 MPH) (infield hit)
Pinch Hitting: RHB Jim Unknown 0-0: Ball
1-0: Foul Ball, location: 3DF
1-1: Ball
2-1: Foul Ball, location: 3F
2-2: Strikes out swinging
Bottom of the 8th over - 0 runs, 1 hit, 0 errors, 1 left on base; Palm Beach 2 - St. Lucie 4
TOP OF THE 9TH
Palm Beach Cardinals batting - Pitching for St. Lucie Mets : RHP Jim Unknown
Now at 3B: Jim Unknown
Now at SS: Jim Unknown
Pinch Hitting: RHB Jeff Robertson 0-0: Ball
1-0: Foul Ball, location: 5F
1-1: Ball
2-1: Ball
3-1: Foul Ball, location: 25F
3-2: Base on Balls
Pinch Hitting: SHB José De La Cruz 0-0: Ball
1-0: Ball
2-0: Ball
3-0: Base on Balls
Jeff Robertson to second
Pinch Runner at 2nd Luis Rodríguez:
Batting: RHB Dan Henry 0-0: Ball
1-0: Sac Bunt to 13S - play at first, batter OUT! 1-3
Luis Rodríguez to third
José De La Cruz to second
Batting: SHB Gilberto Cruz 0-0: Called Strike
0-1: Ball
1-1: Ball
2-1: Ball
3-1: SINGLE (Line Drive, 8LS, EV 107.5 MPH)
Luis Rodríguez scores
José De La Cruz to third
Batting: RHB Alfredo Ramírez 0-0: Foul Ball, location: 9LSF
0-1: Called Strike
0-2: Strikes out swinging
Batting: RHB Willie Stevenson 0-0: Foul Ball, location: 3SF
0-1: SINGLE (Groundball, 6MD, EV 97.5 MPH)
José De La Cruz scores
Gilberto Cruz to second
Runner from 2nd tries for 3rd, SAFE, throw by CF made to third
Batting: SHB Chris Jones 0-0: Called Strike
0-1: Called Strike
0-2: Ball
1-2: Ball
2-2: Foul Ball, location: 23F
2-2: Ball
3-2: Ground out 6-3 (Groundball, 6, EV 88.8 MPH)
Top of the 9th over - 2 runs, 2 hits, 0 errors, 2 left on base; Palm Beach 4 - St. Lucie 4
BOTTOM OF THE 9TH
St. Lucie Mets batting - Pitching for Palm Beach Cardinals : LHP Cisco Castillo
Pitching: RHP Manny Frías
Now at C: Robert Naylor
Now in RF: Luis Rodríguez
Batting: SHB Jim Unknown 0-0: Swinging Strike
0-1: Ball
1-1: Ground out 1-3 (Groundball, 15S, EV 75.0 MPH)
Pinch Hitting: LHB Jim Unknown 0-0: Ball
1-0: Called Strike
1-1: Ball
2-1: Called Strike
2-2: SOLO HOME RUN (Flyball, 9D, EV 99.4 MPH), Distance : 374 ft
Bottom of the 9th over - 1 run, 1 hit, 0 errors, 0 left on base; Palm Beach 4 - St. Lucie 5
Wednesday, May 1st , 2024 - OOTP Baseball 24.10 Build 82